 Dungeon Crawl Stone Soup version 0.30-a0-1094-g860fb061e7 (webtiles) character file.

Game seed: 5057382531856558408

5490 BillyBaka the Skirmisher (level 10, -6/118 HPs)
             Began as a Minotaur Hunter on Apr 17, 2023.
             Was a Priest of Hepliaklqana.
             Mangled by Harold
             ... wielding a +5 halberd of venom
              (12 damage)
             ... on level 10 of the Dungeon.
             The game lasted 00:33:04 (7497 turns).

BillyBaka the Skirmisher (Minotaur Hunter)          Turns: 7497, Time: 00:33:05

Health: -6/118     AC:  5    Str: 16    XL:     10   Next: 42%
Magic:  12/12      EV: 18    Int:  6    God:    Hepliaklqana [***...]
Gold:   600        SH:  0    Dex: 24    Spells: 9/9 levels left

rFire   + . .      SeeInvis .    b - +3 scimitar
rCold   + . .      Faith    .    (no shield)
rNeg    . . .      Spirit   .    N - +0 robe {Will+}
rPois   +          Reflect  .    (helmet restricted)
rElec   +          Rampage  .    (no cloak)
rCorr   +                        M - +0 pair of gloves of Surprise {rCorr Slay+6}
Will    +....                    e - +0 pair of boots Stlth
                                 j - amulet of regeneration
HPRegen 1.19/turn                p - +6 ring of dexterity
MPRegen 0.13/turn                C - ring of poison resistance

@: berserking, resistant, flying, hasted, studying Earth Magic, invisible, very
quick
A: reduced essence, horns 2, retaliatory headbutt
a: Renounce Religion, Recall Ancestor, Ancestor Identity, Transference


You were on level 10 of the Dungeon.
You worshipped Hepliaklqana.
Hepliaklqana was most pleased with you.
You visited 2 branches of the dungeon, and saw 11 of its levels.
You also visited: Sewer.

You collected 600 gold pieces.

Inventory:

Hand Weapons
 a - a +4 shortbow
 b - a +3 scimitar (weapon)
 F - a +0 sling of flaming
Missiles
 c - 6 silver boomerangs
Armour
 e - a +0 pair of boots (worn)
 A - a +1 robe of fire resistance
 M - the +0 pair of gloves of Surprise (worn) {rCorr Slay+6}
   (You found it on level 7 of the Dungeon)

   Slay:      It affects your accuracy & damage with ranged weapons and melee
   (+6).
   rCorr:     It protects you from acid and corrosion.
 N - a +0 robe of willpower (worn)
 P - a +1 ring mail of cold resistance
Magical Staves
 O - a staff of earth
Jewellery
 j - an amulet of regeneration (around neck)
 k - an amulet of reflection
 p - a +6 ring of dexterity (left hand)
 y - a ring of flight
 B - a +6 ring of intelligence
 C - a ring of poison resistance (right hand)
 H - a ring of fire
Wands
 J - a wand of mindburst (3)
 Q - a wand of charming (8)
Scrolls
 g - 9 scrolls of teleportation
 h - 3 scrolls of fog
 i - 3 scrolls of poison
 l - 2 scrolls of fear
 m - 3 scrolls of noise
 o - 2 scrolls of immolation
 q - 2 scrolls of brand weapon {unknown}
 s - a scroll of enchant weapon {unknown}
 t - 2 scrolls of vulnerability
 u - a scroll of acquirement {unknown}
 v - 4 scrolls of amnesia
 z - 2 scrolls of butterflies {unknown}
 D - 2 scrolls of enchant armour {unknown}
 G - 3 scrolls of magic mapping {unknown}
Potions
 d - 7 potions of curing
 f - a potion of attraction {unknown}
 n - 2 potions of invisibility
 r - a potion of resistance
 w - a potion of mutation {unknown}
 x - 3 potions of might
 E - a potion of flight
 I - a potion of haste
 L - a potion of brilliance {unknown}


   Skills:
 + Level 7.7 Fighting
 * Level 10.6 Ranged Weapons
 + Level 6.0 Armour
 + Level 7.0 Dodging
 + Level 5.5 Stealth
 + Level 0.3 Spellcasting
 + Level 1.0 Earth Magic
 + Level 4.9 Invocations


You had 9 spell levels left.
You didn't know any spells.
Your spell library contained the following spells:

 Spells                   Type           Power      Damage    Failure   Level
 Gell's Gravitas          Tloc           0%         N/A       83%         3
 Teleport Other           Tloc           0%         N/A       83%         3
 Vhi's Electric Charge    Tloc/Air       0%         N/A       83%         3
 Animate Dead             Necr           0%         N/A       99%         4
 Arcjolt                  Conj/Air       0%         1d10      100%        5
 Borgnjor's Vile Clutch   Necr/Erth      0%         N/A       100%        5
 Death Channel            Necr           0%         N/A       100%        6
 Dispersal                Tloc           0%         N/A       100%        6
 Plasma Beam              Fire/Air       0%         2x1d11    100%        6


Dungeon Overview and Level Annotations

Branches:
Dungeon (10/15)            Temple (1/1) D:5           Sewer (visited)
   Lair: D:8-11         Orc: D:9-12

Altars:
Ashenzari
Cheibriados
Elyvilon
Fedhas
Gozag
Hepliaklqana
Makhleb
Nemelex Xobeh
Okawaru
Ru
Sif Muna
Trog
Uskayaw
Vehumet
Wu Jian
Xom
Yredelemnul
Zin
The Shining One

Shops:
D:1 :

Annotations:
D:6 1 runed translucent door, tgirl's ghost, novice OpTm
D:8 3 runed translucent doors, patfeehan111222's ghost, novice DsBe
D:10 Harold
Temple 4 transporters


Innate Abilities, Weirdness & Mutations

Your life essence is reduced to manifest your ancestor. (-10% HP)
You have a pair of horns on your head.
You reflexively headbutt those who attack you in melee.


Message History

You furiously retaliate!
You headbutt the centaur, but do no damage.
The centaur closely misses you.
Something hits Esha.
Something hits Esha!!
Esha is destroyed!
The wyvern bites you!
* * * LOW HITPOINT WARNING * * *
The centaur closely misses you.
The centaur kicks you but does no damage.
b - a +3 scimitar (weapon)
The wyvern barely misses you. You furiously retaliate!
You headbutt the wyvern. You barely miss the wyvern.
The wyvern is almost dead.
The centaur misses you. You furiously retaliate!
You headbutt the centaur. The centaur barely misses you.
The two-headed ogre misses you. The two-headed ogre closely misses you.
The centaur barely misses you. The centaur misses you.
You see here a killer bee corpse.
The centaur wields a +0 shortbow.
The centaur shoots an arrow.
It was a potion of haste.
You feel yourself speed up.
Harold the Weathered comes into view.
He is wielding a +5 halberd of venom and wearing a +2 chain mail of fire resistance.
The centaur unwields a +0 shortbow.
The centaur hits you but does no damage.
The centaur closely misses you.
It was a potion of resistance.
You feel protected. The two-headed ogre closely misses you.
The two-headed ogre hits you with a +0 giant spiked club!
* * * LOW HITPOINT WARNING * * *
The centaur closely misses you. The centaur completely misses you.
It was a potion of berserk rage.
A red film seems to cover your vision as you go berserk!
You feel yourself moving faster!
You feel mighty!
The wyvern hisses angrily.
Harold shouts!
The centaur closely misses you. The centaur misses you.
You slash Harold!
Harold is lightly wounded.
The two-headed ogre closely misses you. You furiously retaliate!
You headbutt the two-headed ogre! The two-headed ogre closely misses you.
Harold hits you with a +5 halberd of venom!
You die...

...# ... ...
###.# ## ...#
♣.♣♣ #..#♣...♣#
##.####..#..c..#
.......<.#@....#
##.#####.#@O...#
#.#.♣♣♣.# #.#♣.♣
# #...♣♣ #.#♣o♣
#.# ♣♣ #.# #.#


You could see Harold (unable to see you), a two-headed ogre (unable to see you)
and a centaur (unable to see you).

Vanquished Creatures
  Maggie (D:6)
  A shadow (D:9)
  Sigmund (D:4)
  A yak (D:10)
  2 wyverns
  2 water moccasins
  2 acid dragons
  An orc warrior (D:6)
  A sky beast (D:7)
  A black bear (D:6)
  2 ogres
  A centaur (D:8)
  A phantom (D:7)
  4 kobold brigands
  4 bullfrogs
  3 scorpions
  13 wights
  15 killer bees
  4 howler monkeys (D:9)
  3 orc priests
  2 hounds
  2 sleepcaps
  9 iguanas
  An orc wizard (D:5)
  7 gnolls
  3 river rats (Sewer)
  6 adders
  3 shadow imps
  A white imp (D:6)
  3 ufetubi
  7 worms
  A dart slug (D:1)
  19 orcs
  9 endoplasms
  5 giant cockroaches
  13 goblins
  6 hobgoblins
  4 jackals (D:4)
  14 kobolds
  2 quokkas (D:1)
  2 ball pythons
  17 bats
  7 frilled lizards
  13 rats
219 creatures vanquished.

Vanquished Creatures (collateral kills)
  A centaur (D:9)
  A phantom (D:7)
  A gnoll sergeant (D:8)
  A wight (D:9)
  3 killer bees (D:9)
  A hound (D:6)
  An orc wizard (D:6)
  A ball python (Sewer)
  A kobold (D:9)
11 creatures vanquished.

Vanquished Creatures (others)
  A knight (D:10)
  2 ancestors (D:6)
  6 plants (D:8)
9 creatures vanquished.

Grand Total: 239 creatures vanquished

Notes
Turn   | Place    | Note
-------+----------+-------------------------------------------
     0 | D:1      | BillyBaka the Minotaur Hunter began the quest for the Orb.
     0 | D:1      | Reached XP level 1. HP: 18/18 MP: 0/0
    21 | D:1      | Found Uzxita's Book Boutique.
   267 | D:1      | Reached skill level 1 in Stealth
   334 | D:1      | Reached XP level 2. HP: 25/25 MP: 1/1
   927 | D:2      | Reached XP level 3. HP: 30/30 MP: 2/2
  1076 | D:2      | Reached skill level 5 in Ranged Weapons
  1512 | D:3      | Found a faded altar of an unknown god.
  1632 | D:3      | Found a faded altar of an unknown god.
  1675 | D:3      | Reached XP level 4. HP: 38/38 MP: 3/3
  2204 | D:4      | Reached XP level 5. HP: 45/45 MP: 4/4
  2382 | D:4      | Reached skill level 6 in Ranged Weapons
  2392 | D:4      | Reached XP level 6. HP: 20/52 MP: 5/5
  2655 | D:4      | Found a faded altar of an unknown god.
  2656 | D:4      | Found a hazy altar of Hepliaklqana.
  2656 | D:4      | Noticed Sigmund
  2662 | D:4      | Killed Sigmund
  2836 | D:4      | Became a worshipper of Hepliaklqana the Forgotten
  2885 | D:5      | Entered Level 5 of the Dungeon
  2920 | D:5      | Reached XP level 7. HP: 60/60 MP: 6/6
  2986 | D:5      | Reached skill level 7 in Ranged Weapons
  2986 | D:5      | Reached skill level 1 in Armour
  2986 | D:5      | Reached skill level 1 in Invocations
  3167 | D:5      | Found a staircase to the Ecumenical Temple.
  3403 | Temple   | Entered the Ecumenical Temple
  3403 | Temple   | Found a transporter.
  3403 | Temple   | Found a transporter.
  3405 | Temple   | Found a transporter.
  3405 | Temple   | Found a transporter.
  3491 | D:6      | Reached skill level 5 in Fighting
  3523 | D:6      | Reached * piety under Hepliaklqana
  3594 | D:6      | Noticed a wyvern
  3598 | D:6      | Killed a wyvern
  3684 | D:6      | Reached XP level 8. HP: 57/62 MP: 8/8
  3738 | D:6      | Noticed Maggie
  3751 | D:6      | Killed Maggie
  3752 | D:6      | Reached skill level 8 in Ranged Weapons
  3752 | D:6      | Reached skill level 5 in Dodging
  3877 | D:6      | Found a glowing drain.
  3891 | Sewer    | Entered a sewer
  4380 | D:6      | Reached XP level 9. HP: 62/67 MP: 10/10
  4454 | D:6      | Identified the +2 spear "Egeijem" {protect, Drain rF+++
                  | rCorr Str-4}
  4486 | D:6      | Found a runed translucent door.
  4492 | D:6      | Noticed tgirl's ghost (novice OpTm)
  4585 | D:6      | Found a sacrificial altar of Ru.
  4692 | D:7      | Reached skill level 9 in Ranged Weapons
  4747 | D:7      | Identified the +0 pair of gloves of Surprise {rCorr Slay+6}
  4824 | D:7      | Reached ** piety under Hepliaklqana
  4825 | D:7      | Remembered your ancestor Esha as a knight
  5679 | D:8      | Reached skill level 5 in Armour
  5757 | D:8      | Reached skill level 5 in Stealth
  5856 | D:8      | Noticed patfeehan111222's ghost (novice DsBe)
  5856 | D:8      | Noticed an 11-headed hydra
  5857 | D:8      | Found a runed translucent gate.
  5857 | D:8      | Found a runed translucent gate.
  5857 | D:8      | Found a runed translucent gate.
  6008 | D:8      | Reached *** piety under Hepliaklqana
  6654 | D:9      | Reached skill level 10 in Ranged Weapons
  6728 | D:9      | Reached XP level 10. HP: 67/77 MP: 12/12
  7469 | D:10     | Entered Level 10 of the Dungeon
  7484 | D:10     | Reached skill level 1 in Earth Magic
  7485 | D:10     | Noticed a two-headed ogre
  7494 | D:10     | Noticed Harold
  7495 | D:10     | HP: 2/79 [two-headed ogre/+0 giant club (12)]
  7497 | D:10     | Mangled by Harold

Illustrated notes

Levels and vault maps discovered:
D:1:      saegor_arrival_simple_a, layout_loops_corners, serial_shops, shop
D:2:      layout_rooms, serial_rivers, chequers_serial_rivers_micro_c,
          chequers_serial_rivers_marsh, chequers_serial_rivers_micro_a,
          chequers_serial_rivers_small_3, chequers_serial_rivers_micro_a
D:3:      wander_river, layout_loops_ring, nicolae_overflow_ecumenical_swirl,
          chequers_ecumenical_altar_island, roderic_batcave
D:4:      layout_loops_ring, beargit_hepliaklqana_dungeon_heroes
D:5:      layout_cave_pools, minmay_temple_entry_mini_moons
D:6:      layout_basic, nicolae_ru_the_path_less_chosen,
          ebering_ghost_reflecting_pool, cheibrodos_sewer_entry_drain,
          minmay_manual_mullet, uniq_sigmund, uniq_maggie
D:7:      layout_basic
D:8:      layout_layer_cave, enter_bailey_7, gammafunk_ghost_hydra_chop
D:9:      layout_loops_ring
D:10:     nzn_winding_woodlands_cross [nzn_winding_woodlands_5x15_parted,
          nzn_winding_woodlands_5x15_jagged, nzn_winding_woodlands_5x15_crooked,
          nzn_winding_woodlands_5x15_longhouse,
          nzn_winding_woodlands_15x15_eel_pit], layout_basic,
          mainiacjoe_overflow_alcove_1, lemuel_tele_altar,
          minmay_statue_crystal_thing, uniq_harold
Temple:   hellmonk_temple_divided_pantheon

Skill      XL: |  1  2  3  4  5  6  7  8  9 10 |
---------------+-------------------------------+-----
Stealth        | 1 2 3 4 5 |  5.5
Fighting       | 3 4 5 6 7 |  7.7
Ranged Weapons | 5 6 7 8 10 | 10.6
Dodging        | 3 4 5 6 7 |  7.0
Armour         | 2 3 5 6 |  6.0
Invocations    | 1 3 4 |  4.9
Earth Magic    | 1 |  1.0
Spellcasting   | |  0.3

Action                     |  1- 3 |  4- 6 |  7- 9 | 10-12 || total
---------------------------+-------+-------+-------+-------++-------
  Melee: Falchion          |       |       |     2 |       ||     2
         Scimitar          |       |       |       |     2 ||     2
   Fire: Shortbow          |   116 |    85 |   314 |    81 ||   596
 Invoke: Ancestor Identity |       |       |     1 |       ||     1
         Ancestor Life: Kn |       |       |     1 |       ||     1
    Use: Scroll            |       |       |     8 |       ||     8
         Potion            |       |       |       |     5 ||     5
 Armour: Leather armour    |     7 |     3 |     1 |       ||    11
         Acid dragon scale |       |       |     9 |       ||     9
         Robe              |       |       |     3 |     6 ||     9
         Ring mail         |       |       |    13 |     4 ||    17
  Dodge: Dodged            |    23 |    15 |    71 |    48 ||   157

Table legend: (Time is in decaauts)
 A = Elapsed time spent in this place.
 B = Non-inter-level travel time spent in this place.
 C = Inter-level travel time spent in this place.
 D = Time resting spent in this place.
 E = Time spent auto-exploring this place.
 F = Levels seen in this place.
 G = Mean time per level.
                   A        B        C        D        E       F      G
               +--------+--------+--------+--------+--------+-----+--------+
         Total |   7656 |   7286 |    370 |     56 |   5661 |  12 |  638.0 |
       Dungeon |   7246 |   6876 |    370 |     56 |   5380 |  10 |  724.6 |
        Temple |     43 |     43 |      0 |      0 |      6 |   1 |   43.0 |
         Sewer |    365 |    365 |      0 |      0 |    274 |   1 |  365.0 |
               +--------+--------+--------+--------+--------+-----+--------+

Top non-repeatable levels by time:
     D:8: 1322 daAuts
     D:6: 934 daAuts
     D:1: 900 daAuts
     D:4: 833 daAuts
     D:9: 825 daAuts
     D:3: 717 daAuts
     D:7: 646 daAuts
     D:5: 538 daAuts
     D:2: 502 daAuts
   Sewer: 365 daAuts
  Temple: 43 daAuts
    D:10: 26 daAuts
